| TOP OF THE 1ST |
|
San Diego Padres batting - Pitching for Pittsburgh Pirates : RHP Moose Haas
|
|
Pitching: RHP Moose Haas
|
|
|
Batting: RHB Dennis Dungy
|
0-0: Ball 1-0: Ball 2-0: Called Strike 2-1: Swinging Strike 2-2: Fly out, F7 (Flyball, 7D, EV 91.9 MPH)
|
|
Batting: RHB Bob Dernier
|
0-0: Ball 1-0: Ball 2-0: Ball 3-0: Called Strike 3-1: Base on Balls
|
|
Batting: LHB Mike Cole
|
0-0: Ball 1-0: Ball 2-0: Called Strike 2-1: Foul Ball, location: 2F 2-2: Foul Ball, location: 2F 2-2: Foul Ball, location: 2F 2-2: SINGLE (Groundball, 4MD, EV 111.3 MPH) Bob Dernier to second Runner from 2nd tries for 3rd, SAFE, no throw by CF
|
|
Batting: RHB Joel Youngblood
|
0-0: Ball 1-0: Ball 2-0: Called Strike 2-1: Called Strike Mike Cole steals 2nd base 2-2: Ball 3-2: Foul Ball, location: 2F 3-2: Base on Balls
|
|
Batting: LHB Darrell Porter
|
0-0: Ball 1-0: Ball 2-0: Called Strike 2-1: Foul Ball, location: 2F 2-2: Foul Ball, location: 2F 2-2: Ball 3-2: Foul Ball, location: 2F 3-2: Base on Balls Bob Dernier scores Mike Cole to third Joel Youngblood to second
|
|
Batting: RHB Heriberto Soltero
|
0-0: Ball 1-0: Ball 2-0: Ball 3-0: Called Strike 3-1: Fly out, F8 (Line Drive, 8RM, EV 93.1 MPH) Runner from 3rd tags up, SCORES, no throw by CF
|
|
Batting: LHB Jeffrey Zitek
|
0-0: Ball 1-0: Ball 2-0: Fly out, F4 (Popup, 4MS, EV 70.6 MPH)
|
| Top of the 1st over - 2 runs, 1 hit, 0 errors, 2 left on base; San Diego 2 - Pittsburgh 0 |
| BOTTOM OF THE 1ST |
|
Pittsburgh Pirates batting - Pitching for San Diego Padres : RHP Skip Lockwood
|
|
Pitching: RHP Skip Lockwood
|
|
|
Batting: RHB Dan Gladden
|
0-0: Ball 1-0: Bunted foul 1-1: Fly out, F7 (Flyball, 7S, EV 95.0 MPH)
|
|
Batting: RHB Mike C Brown
|
0-0: Ball 1-0: Ball 2-0: Called Strike 2-1: Called Strike 2-2: SINGLE (Groundball, 4MD, EV 107.5 MPH)
|
|
Batting: RHB Rennie Stennett
|
0-0: Called Strike 0-1: Ball 1-1: Called Strike 1-2: Ball 2-2: SINGLE (Groundball, 56D, EV 97.5 MPH) Mike C Brown to second
|
|
Batting: LHB Robert Lopez
|
0-0: Ball 1-0: Called Strike 1-1: DOUBLE (Flyball, 8RXD, EV 103.8 MPH) Mike C Brown scores Rennie Stennett to third Runner from 3rd tries for Home, SAFE, throw by CF to home
|
|
Batting: LHB Greg Walker
|
0-0: Ground out 4-3 (Groundball, 4, EV 89.4 MPH) Robert Lopez to third
|
|
Batting: SHB John Shelby
|
0-0: Ball 1-0: Called Strike 1-1: Ball 2-1: Swinging Strike 2-2: Ball 3-2: Base on Balls
|
|
Batting: SHB Ron Oester
|
0-0: Ball John Shelby steals 2nd base 1-0: Foul Ball, location: 2F 1-1: Ball 2-1: Ground out 6-3 (Groundball, 6, EV 87.5 MPH)
|
| Bottom of the 1st over - 2 runs, 3 hits, 0 errors, 2 left on base; San Diego 2 - Pittsburgh 2 |
| TOP OF THE 2ND |
|
San Diego Padres batting - Pitching for Pittsburgh Pirates : RHP Moose Haas
|
|
Batting: RHB Kelvin Moore
|
0-0: Ball 1-0: Foul Ball, location: 2F 1-1: Called Strike 1-2: Reached on error, E6 (Groundball, 6S, EV 66.9 MPH)
|
|
Batting: RHB Skip Lockwood
|
0-0: Called Strike 0-1: Ball 1-1: Ball Kelvin Moore steals 2nd base 2-1: Sac Bunt to 13S - play at first, batter OUT! 1-4 Kelvin Moore to third
|
|
Batting: RHB Dennis Dungy
|
0-0: Called Strike 0-1: Ball 1-1: Ball 2-1: Foul Ball, location: 2F 2-2: Ball 3-2: Fly out, F9 (Flyball, 9LM, EV 90.6 MPH) Runner from 3rd tags up, OUT at HOME! 9-2
|
| Top of the 2nd over - 0 runs, 0 hits, 1 error, 0 left on base; San Diego 2 - Pittsburgh 2 |
| BOTTOM OF THE 2ND |
|
Pittsburgh Pirates batting - Pitching for San Diego Padres : RHP Skip Lockwood
|
|
Batting: RHB Frank Hunsaker
|
0-0: Ball 1-0: Swinging Strike 1-1: Ground out 1-3 (Groundball, 13S, EV 54.4 MPH)
|
|
Batting: RHB Moose Haas
|
0-0: Foul Ball, location: 2F 0-1: Ball 1-1: Foul Ball, location: 2F 1-2: Ball 2-2: Ball 3-2: Base on Balls
|
|
Batting: RHB Dan Gladden
|
0-0: Called Strike 0-1: SINGLE (Line Drive, 3D, EV 96.9 MPH) Moose Haas to second Runner from 2nd tries for 3rd, SAFE, no throw by RF
|
|
Batting: RHB Mike C Brown
|
0-0: Ball 1-0: Foul Ball, location: 2F 1-1: Ball 2-1: Foul Ball, location: 2F 2-2: SINGLE (Flyball, 8RS, EV 88.8 MPH) Moose Haas scores Dan Gladden to second Runner from 2nd tries for 3rd, OUT after rundown.
|
|
Batting: RHB Rennie Stennett
|
0-0: Swinging Strike 0-1: Fielders Choice at 2nd, 6-4 (Groundball, 6, EV 80.0 MPH)
|
| Bottom of the 2nd over - 1 run, 2 hits, 0 errors, 1 left on base; San Diego 2 - Pittsburgh 3 |
| TOP OF THE 3RD |
|
San Diego Padres batting - Pitching for Pittsburgh Pirates : RHP Moose Haas
|
|
Batting: RHB Bob Dernier
|
0-0: Fly out, F6 (Popup, 6, EV 76.9 MPH)
|
|
Batting: LHB Mike Cole
|
0-0: Ball 1-0: DOUBLE (Groundball, 3L, EV 99.4 MPH)
|
|
Batting: RHB Joel Youngblood
|
0-0: Called Strike 0-1: Ground out 4-3 (Groundball, 4, EV 85.0 MPH) Mike Cole to third
|
|
Batting: LHB Darrell Porter
|
0-0: Ball 1-0: Called Strike 1-1: Ball 2-1: Ground out 5-3 (Groundball, 56, EV 100.6 MPH)
|
| Top of the 3rd over - 0 runs, 1 hit, 0 errors, 1 left on base; San Diego 2 - Pittsburgh 3 |
| BOTTOM OF THE 3RD |
|
Pittsburgh Pirates batting - Pitching for San Diego Padres : RHP Skip Lockwood
|
|
Batting: LHB Robert Lopez
|
0-0: Swinging Strike 0-1: Ground out 3-1 (Groundball, 34, EV 102.5 MPH)
|
|
Batting: LHB Greg Walker
|
0-0: Called Strike 0-1: Ball 1-1: Foul Ball, location: 2F 1-2: Fly out, F4 (Line Drive, 4, EV 70.0 MPH)
|
|
Batting: SHB John Shelby
|
0-0: Ground out 4-3 (Groundball, 4, EV 88.8 MPH)
|
| Bottom of the 3rd over - 0 runs, 0 hits, 0 errors, 0 left on base; San Diego 2 - Pittsburgh 3 |
| TOP OF THE 4TH |
|
San Diego Padres batting - Pitching for Pittsburgh Pirates : RHP Moose Haas
|
|
Batting: RHB Heriberto Soltero
|
0-0: Swinging Strike 0-1: Reached on error, E6 (Groundball, 6, EV 86.3 MPH)
|
|
Batting: LHB Jeffrey Zitek
|
0-0: Ball 1-0: Foul Ball, location: 2F 1-1: Ball 2-1: Foul Ball, location: 2F 2-2: Ball 3-2: Base on Balls Heriberto Soltero to second
|
|
Batting: RHB Kelvin Moore
|
0-0: Ground out 5-3 (Groundball, 56S, EV 73.8 MPH) Heriberto Soltero to third Jeffrey Zitek to second
|
|
Batting: RHB Skip Lockwood
|
0-0: Foul Ball, location: 2F 0-1: Foul Ball, location: 2F 0-2: Ball 1-2: Foul Ball, location: 2F 1-2: Ground out 6-3 (Groundball, 6, EV 83.1 MPH)
|
|
Batting: RHB Dennis Dungy
|
0-0: Ball 1-0: Foul Ball, location: 2F 1-1: Swinging Strike 1-2: Strikes out swinging
|
| Top of the 4th over - 0 runs, 0 hits, 1 error, 2 left on base; San Diego 2 - Pittsburgh 3 |
| BOTTOM OF THE 4TH |
|
Pittsburgh Pirates batting - Pitching for San Diego Padres : RHP Skip Lockwood
|
|
Batting: SHB Ron Oester
|
0-0: Foul Ball, location: 2F 0-1: DOUBLE (Line Drive, 78D, EV 106.9 MPH)
|
|
Batting: RHB Frank Hunsaker
|
0-0: Ball 1-0: Called Strike 1-1: Ball Wild Pitch! Ron Oester to third 2-1: Ball 3-1: SINGLE (Groundball, 6MD, EV 100.0 MPH) Ron Oester scores
|
|
Batting: RHB Moose Haas
|
0-0: Ball 1-0: Sac Bunt to 15S - play at first, batter OUT! 1-4 Frank Hunsaker to second
|
|
Batting: RHB Dan Gladden
|
0-0: Ball 1-0: Ball 2-0: Swinging Strike 2-1: Ground out 4-3 (Groundball, 4, EV 76.9 MPH) Frank Hunsaker to third
|
|
Batting: RHB Mike C Brown
|
0-0: Called Strike 0-1: Ball 1-1: Ball 2-1: Foul Ball, location: 2F 2-2: Fly out, F7 (Flyball, 7S, EV 83.8 MPH)
|
| Bottom of the 4th over - 1 run, 2 hits, 0 errors, 1 left on base; San Diego 2 - Pittsburgh 4 |
| TOP OF THE 5TH |
|
San Diego Padres batting - Pitching for Pittsburgh Pirates : RHP Moose Haas
|
|
Batting: RHB Bob Dernier
|
0-0: Ball 1-0: Ball 2-0: Foul Ball, location: 2F 2-1: Ball 3-1: Foul Ball, location: 2F 3-2: Base on Balls
|
|
Batting: LHB Mike Cole
|
0-0: Ball 1-0: Called Strike Bob Dernier steals 2nd base (no throw) 1-1: Called Strike Bob Dernier is caught stealing 3rd base 2-5 1-2: Ball 2-2: DOUBLE (Groundball, 5L, EV 104.4 MPH)
|
|
Batting: RHB Joel Youngblood
|
0-0: Swinging Strike 0-1: Ball 1-1: Ball 2-1: Called Strike 2-2: Foul Ball, location: 2F 2-2: Foul Ball, location: 2F 2-2: Strikes out looking
|
|
Batting: LHB Darrell Porter
|
0-0: Foul Ball, location: 2F 0-1: Foul Ball, location: 2F 0-2: Foul Ball, location: 2F 0-2: Ground out 6-3 (Groundball, 6M, EV 78.1 MPH)
|
| Top of the 5th over - 0 runs, 1 hit, 0 errors, 1 left on base; San Diego 2 - Pittsburgh 4 |
| BOTTOM OF THE 5TH |
|
Pittsburgh Pirates batting - Pitching for San Diego Padres : RHP Skip Lockwood
|
|
Batting: RHB Rennie Stennett
|
0-0: Foul Ball, location: 2F 0-1: Ground out 6-3 (Groundball, 6, EV 80.6 MPH)
|
|
Batting: LHB Robert Lopez
|
0-0: Fly out, F9 (Flyball, 9D, EV 98.1 MPH)
|
|
Batting: LHB Greg Walker
|
0-0: Called Strike 0-1: Ball 1-1: SINGLE (Line Drive, 8LS, EV 100.0 MPH)
|
|
Batting: SHB John Shelby
|
Pickoff Throw to First - Out! 1-3
|
| Bottom of the 5th over - 0 runs, 1 hit, 0 errors, 0 left on base; San Diego 2 - Pittsburgh 4 |
| TOP OF THE 6TH |
|
San Diego Padres batting - Pitching for Pittsburgh Pirates : RHP Moose Haas
|
|
Batting: RHB Heriberto Soltero
|
0-0: Ball 1-0: Swinging Strike 1-1: Ball 2-1: Swinging Strike 2-2: Foul Ball, location: 2F 2-2: Foul Ball, location: 2F 2-2: Fly out, F4 (Line Drive, 4, EV 74.4 MPH)
|
|
Batting: LHB Jeffrey Zitek
|
0-0: Ball 1-0: Foul Ball, location: 2F 1-1: Foul Ball, location: 2F 1-2: Ball 2-2: Foul Ball, location: 2F 2-2: Ball 3-2: Strikes out swinging
|
|
Batting: RHB Kelvin Moore
|
0-0: Ball 1-0: Called Strike 1-1: Ball 2-1: Ground out 6-3 (Groundball, 6, EV 108.8 MPH)
|
| Top of the 6th over - 0 runs, 0 hits, 0 errors, 0 left on base; San Diego 2 - Pittsburgh 4 |
| BOTTOM OF THE 6TH |
|
Pittsburgh Pirates batting - Pitching for San Diego Padres : RHP Skip Lockwood
|
|
Batting: SHB John Shelby
|
0-0: Foul Ball, location: 2F 0-1: Ball 1-1: Ball 2-1: Called Strike 2-2: Foul Ball, location: 2F 2-2: Foul Ball, location: 2F 2-2: Ball 3-2: Strikes out looking
|
|
Batting: SHB Ron Oester
|
0-0: Ball 1-0: Fly out, F8 (Line Drive, 8LD, EV 103.8 MPH)
|
|
Batting: RHB Frank Hunsaker
|
0-0: Swinging Strike 0-1: Called Strike 0-2: Strikes out swinging
|
| Bottom of the 6th over - 0 runs, 0 hits, 0 errors, 0 left on base; San Diego 2 - Pittsburgh 4 |
| TOP OF THE 7TH |
|
San Diego Padres batting - Pitching for Pittsburgh Pirates : RHP Moose Haas
|
|
Batting: RHB Skip Lockwood
|
0-0: Fly out, F5 (Popup, 56, EV 60.6 MPH)
|
|
Batting: RHB Dennis Dungy
|
0-0: Ball 1-0: SINGLE (Groundball, 56D, EV 104.4 MPH)
|
|
Pitching: RHP Mark Lemongello
|
|
|
Now at C: Chili Davis
|
|
|
Batting: RHB Bob Dernier
|
0-0: Grounds into double play, 5-4-3 (Groundball, 56S, EV 86.3 MPH)
|
| Top of the 7th over - 0 runs, 1 hit, 0 errors, 0 left on base; San Diego 2 - Pittsburgh 4 |
| BOTTOM OF THE 7TH |
|
Pittsburgh Pirates batting - Pitching for San Diego Padres : RHP Skip Lockwood
|
|
Batting: SHB Chili Davis
|
0-0: Ball 1-0: Ball 2-0: Ball 3-0: Base on Balls
|
|
Batting: RHB Dan Gladden
|
0-0: Ball 1-0: Grounds into double play, 4-6-3 (Groundball, 4, EV 76.9 MPH)
|
|
Batting: RHB Mike C Brown
|
0-0: Called Strike 0-1: Ground out 5-3 (Groundball, 56, EV 83.1 MPH)
|
| Bottom of the 7th over - 0 runs, 0 hits, 0 errors, 0 left on base; San Diego 2 - Pittsburgh 4 |
| TOP OF THE 8TH |
|
San Diego Padres batting - Pitching for Pittsburgh Pirates : RHP Mark Lemongello
|
|
Batting: LHB Mike Cole
|
0-0: Ball 1-0: Ball 2-0: Called Strike 2-1: Foul Ball, location: 2F 2-2: Strikes out swinging
|
|
Batting: RHB Joel Youngblood
|
0-0: Ball 1-0: Ground out 5-3 (Groundball, 5, EV 90.0 MPH)
|
|
Batting: LHB Darrell Porter
|
0-0: Ball 1-0: Fly out, F6 (Flyball, 6D, EV 91.9 MPH)
|
| Top of the 8th over - 0 runs, 0 hits, 0 errors, 0 left on base; San Diego 2 - Pittsburgh 4 |
| BOTTOM OF THE 8TH |
|
Pittsburgh Pirates batting - Pitching for San Diego Padres : RHP Skip Lockwood
|
|
Batting: RHB Rennie Stennett
|
0-0: Called Strike 0-1: Ball 1-1: Fly out, F7 (Flyball, 7D, EV 95.0 MPH)
|
|
Batting: LHB Robert Lopez
|
0-0: Called Strike 0-1: Ball 1-1: Ground out 4-3 (Groundball, 4, EV 80.6 MPH)
|
|
Batting: LHB Greg Walker
|
0-0: Called Strike 0-1: Foul Ball, location: 2F 0-2: Foul Ball, location: 2F 0-2: Ball 1-2: Fly out, F8 (Line Drive, 8RD, EV 95.0 MPH)
|
| Bottom of the 8th over - 0 runs, 0 hits, 0 errors, 0 left on base; San Diego 2 - Pittsburgh 4 |
| TOP OF THE 9TH |
|
San Diego Padres batting - Pitching for Pittsburgh Pirates : RHP Mark Lemongello
|
|
Batting: RHB Heriberto Soltero
|
0-0: Ball 1-0: Called Strike 1-1: Ball 2-1: Ball 3-1: Called Strike 3-2: SINGLE (Line Drive, 89S, EV 105.6 MPH)
|
|
Batting: LHB Jeffrey Zitek
|
0-0: Foul Ball, location: 2F 0-1: Called Strike 0-2: Fly out, F8 (Flyball, 8RM, EV 84.4 MPH)
|
|
Pinch Hitting: LHB Chris Chambliss
|
0-0: Fly out, F8 (Flyball, 8LS, EV 87.5 MPH)
|
|
Pinch Hitting: LHB Tom Dunbar
|
0-0: Fielders Choice at 2nd, 6-4 (Groundball, 4M, EV 84.4 MPH)
|
| Top of the 9th over - 0 runs, 1 hit, 0 errors, 1 left on base; San Diego 2 - Pittsburgh 4 |
|